 Dungeon Sprint DCSS version 0.21-a0-278-ga722497 (webtiles) character file.

351 vatarom the Twirler (level 6, -1/52 HPs)
             Began as a Demonspawn Gladiator on Sept 21, 2017.
             Was an Initiate of Wu Jian.
             Slain by Sonja
             ... wielding a +0 short sword of draining
              (2 damage)
             ... in the Dungeon (Sprint I: "Red Sonja").
             The game lasted 00:01:57 (501 turns).

vatarom the Twirler (Demonspawn Gladiator)           Turns: 501, Time: 00:01:58

Health: -1/52      AC:  0    Str: 14    XL:     6   Next: 34%
Magic:  6/6        EV: 14    Int:  9    God:    Wu Jian [......]
Gold:   297        SH:  0    Dex: 17    Spells: 5/5 levels left

rFire    . . .     SeeInvis .   a - +0 quarterstaff
rCold    + . .     Gourm    .   (shield currently unavailable)
rNeg     . . .     Faith    .   n - +1 leather armour {rC+}
rPois    .         Spirit   .   (helmet restricted)
rElec    .         Reflect  .   (no cloak)
rCorr    .         Harm     .   (no gloves)
MR       .....     NoTele   +   (no boots)
Stlth    ++........             (no amulet)
HPRegen  0.17/turn              (no ring)
MPRegen  0.10/turn              (no ring)

@: corroded, hasted, heavily drained, very quick
A: horns 1, demonic guardian 1, nightstalker 1
a: Renounce Religion


You were in the Dungeon.
You worshipped Wu Jian.
Wu Jian was noncommittal.
You were not hungry.

You visited 1 branch You collected 297 gold pieces.

Inventory:

Hand Weapons
 a - a +0 quarterstaff (weapon)
Missiles
 d - 3 throwing nets (quivered)
Armour
 b - a +0 leather armour
 c - a +0 helmet
 n - a +1 leather armour of cold resistance (worn)
Wands
 j - a wand of polymorph (0/24)
Scrolls
 k - a scroll of blinking
Potions
 i - 2 potions of magic
Comestibles
 f - a bread ration
 l - a chunk of flesh


   Skills:
 + Level 5.7(4.1) Fighting
 * Level 7.8(6.1) Staves
 + Level 5.2(3.6) Throwing
 + Level 4.9(3.3) Armour
 + Level 5.6(4.0) Dodging


You had 5 spell levels left.
You didn't know any spells.

Dungeon Overview and Level Annotations

Branches:
Dungeon (1/1)

Altars:
Cheibriados
Dithmenos
Elyvilon
Fedhas
Gozag
Hepliaklqana
Kikubaaqudgha
Nemelex Xobeh
Okawaru
Qazlal
Ru
Sif Muna
Trog
Uskayaw
Vehumet
Wu Jian
Yredelemnul
Zin
The Shining One

Shops:
D :

Annotations:
D Sonja


Innate Abilities, Weirdness & Mutations

You have a pair of small horns on your head.
A weak demonic guardian rushes to your aid.
You are slightly more attuned to the shadows.


Message History

* * * LOW HITPOINT WARNING * * *
Your ufetubus hits Sonja. Your ufetubus misses Sonja.
You see here 27 gold pieces.
Okay, then.
Evoke which item? (* to show all) (? for menu, Esc to quit)
Okay, then.
Sonja barely misses your ufetubus. Sonja misses your ufetubus.
Sonja hits your ufetubus with an uncursed short sword of draining.
Your ufetubus closely misses Sonja.
Your ufetubus misses Sonja.
Sonja unwields an uncursed short sword of draining.
Sonja wields an uncursed blowgun.
Sonja shoots a curare-tipped needle.
The curare-tipped needle hits your ufetubus.
Your ufetubus is poisoned.
Your ufetubus convulses.
Your ufetubus dies!
Sonja plants her feet in a plie.
Sonja unwields an uncursed blowgun.
Sonja wields an uncursed short sword of draining.
You sense an unholy aura.
Sonja hits you with an uncursed short sword of draining.
You die...

#..'..#..'..#..+
#..#####'#####'# ##
#..####..#...#%####§§#
#..#__####..##$#§§§§c#
#..#_____##'#_.+≈≈≈§§
#⌠⌠#_.∩..÷'..._#§§≈.c#
####_..__##_.#'##+####
#_____###K#[#
#########@### +$.$+
#$.$# ##.## #+#


You could see Sonja.

Vanquished Creatures
  A yak (D)
  An ogre (D)
  A jelly (D)
  Ijyb (D)
4 creatures vanquished.

Vanquished Creatures (collateral kills)
  Sigmund (D)
1 creature vanquished.

Grand Total: 5 creatures vanquished

Notes
Turn   | Place    | Note
-------+----------+-------------------------------------------
     0 | D        | vatarom the Demonspawn Gladiator began the quest for the Orb.
     0 | D        | Reached XP level 1. HP: 16/16 MP: 1/1
     6 | D        | Noticed Ijyb
    46 | D        | Killed Ijyb
    46 | D        | Reached skill level 4 in Staves
    46 | D        | Reached skill level 1 in Armour
    46 | D        | Gained mutation: A weak demonic guardian rushes to your aid. [demonic ancestry]
    46 | D        | Reached XP level 2. HP: 23/23 MP: 2/2
    66 | D        | Noticed an ogre
    74 | D        | Killed an ogre
    74 | D        | Reached skill level 5 in Staves
    74 | D        | Gained mutation: You have a pair of small horns on your head. [demonic ancestry]
    74 | D        | Reached XP level 3. HP: 30/30 MP: 3/3
    74 | D        | Reached XP level 4. HP: 37/37 MP: 4/4
   117 | D        | Noticed Sigmund
   142 | D        | Killed Sigmund
   142 | D        | Reached skill level 6 in Staves
   142 | D        | Gained mutation: You are slightly more attuned to the shadows. [demonic ancestry]
   142 | D        | Reached XP level 5. HP: 25/43 MP: 5/5
   224 | D        | Found an ornate altar of the Wu Jian Council.
   224 | D        | Found a deep blue altar of Sif Muna.
   229 | D        | Found a radiant altar of Vehumet.
   371 | D        | Became a worshipper of the Wu Jian Council
   391 | D        | Found Ymohat's Book Emporium.
   391 | D        | Found a hazy altar of Hepliaklqana.
   391 | D        | Found a stormy altar of Qazlal.
   391 | D        | Found a hide-covered altar of Uskayaw.
   391 | D        | Found a blossoming altar of Fedhas.
   391 | D        | Found a bloodstained altar of Trog.
   391 | D        | Found an iron altar of Okawaru.
   391 | D        | Found a snail-covered altar of Cheibriados.
   391 | D        | Found a sacrificial altar of Ru.
   391 | D        | Found a glowing silver altar of Zin.
   391 | D        | Noticed a yak
   392 | D        | Found an ancient bone altar of Kikubaaqudgha.
   392 | D        | Found a basalt altar of Yredelemnul.
   392 | D        | Found a glowing golden altar of the Shining One.
   392 | D        | Found an opulent altar of Gozag.
   392 | D        | Found a shadowy altar of Dithmenos.
   392 | D        | Found a white marble altar of Elyvilon.
   401 | D        | Killed a yak
   401 | D        | Reached skill level 5 in Fighting
   401 | D        | Reached skill level 7 in Staves
   401 | D        | Reached skill level 5 in Throwing
   401 | D        | Reached skill level 5 in Dodging
   401 | D        | Reached XP level 6. HP: 38/52 MP: 6/6
   402 | D        | Found a sparkling altar of Nemelex Xobeh.
   427 | D        | Noticed a centaur warrior
   427 | D        | Noticed a centaur warrior
   486 | D        | Noticed Sonja
   497 | D        | HP: 1/52 [acid (9)]
   501 | D        | Slain by Sonja

Vault maps used:
D:        dungeon_sprint_1

Skill      XL: |  1  2  3  4  5 |
---------------+----------------+-----
Staves         | 4 5 6 7 |  7.8
Throwing       | 2 3 4 5 |  5.2
Armour         | 1 3 4 |  4.9
Dodging        | 3 4 5 |  5.6
Fighting       | 3 4 5 |  5.7

Action                   |  1- 3 |  4- 6 || total
-------------------------+-------+-------++-------
Melee: Unarmed           |    24 |       ||    24
       Quarterstaff      |    18 |    18 ||    36
       Headbutt          |       |     4 ||     4
  Use: Potion            |     2 |     3 ||     5
 Stab: Sleeping          |       |     2 ||     2
Armor: Leather armour    |     3 |     5 ||     8
       Skin              |     2 |       ||     2
Dodge: Dodged            |    23 |    11 ||    34

Table legend:
 A = Spawn XP
 B = Non-spawn XP
 C = Spawn XP percentage of total XP
 D = Spawn monster count
 E = Non-spawn monster count
 F = Spawn count percentage of total count
 G = Total turns spent on level
                    A         B        C        D         E        F      G
               +---------+---------+-------+---------+---------+-------+---------
         Total |       0 |     502 |   0.0 |       0 |       5 |   0.0 |   501
               +---------+---------+-------+---------+---------+-------+---------
             D |       0 |     502 |   0.0 |       0 |       5 |   0.0 |   501
               +---------+---------+-------+---------+---------+-------+---------
